Map: Glittering Ashes LE

Players

Bankorok

  • Race: Protoss Protoss
  • League: Diamond
  • Spawn Location: 1:00

Pumba - Winner!

  • Race: Protoss Protoss
  • League: Diamond
  • Spawn Location: 7:00

VOD

Have the link to the VOD?

Description

Time

  • Played on: Feb. 15, 2022, 8:38 p.m.
  • Length: 14:08
Show
View Real Time Build Order
Export as new Build Order

Bankorok Protoss 

Build Orders:  

Get SALT Encoding   

  12  0:00  Probe (Chrono Boost)  
  13  0:09  Probe (Chrono Boost)  
  14  0:18  Pylon  
  14  0:21  Probe  
  15  0:36  Probe  
  15  0:38  Gateway  
  16  0:48  Probe  
  17  0:53  Assimilator  
  17  0:56  Assimilator  
  17  1:01  Probe  
  18  1:13  Probe (Chrono Boost)  
  19  1:25  Probe (Chrono Boost), Gateway  
  20  1:27  Cybernetics Core  
  20  1:30  Probe (Chrono Boost)  
  21  1:39  Probe  
  22  1:41  Pylon  
  22  1:51  Probe  
  23  2:02  Stalker (Chrono Boost)  
  23  2:03  Warp Gate  
  27  2:18  Stalker (Chrono Boost)  
  27  2:24  Stalker  
  29  2:39  Pylon  
  29  2:42  Probe  
  29  2:48  Pylon  
  29  2:57  Stalker (Chrono Boost)  
  31  3:03  Nexus  
  31  3:11  Stalker (Chrono Boost)  
  33  3:36  Robotics Facility  
  33  3:51  Stalker x2  
  33  3:55  Pylon  
  37  4:01  Shield Battery  
  37  4:15  Stalker x2  
  41  4:18  Probe (Chrono Boost)  
  41  4:21  Probe (Chrono Boost)  
  43  4:26  Observer  
  43  4:29  Probe (Chrono Boost)  
  46  4:33  Probe (Chrono Boost)  
  46  4:34  Probe (Chrono Boost)  
  46  4:40  Stalker  
  46  4:44  Stalker  
  50  4:58  Probe  
  51  5:14  Probe x2  
  53  5:26  Probe  
  50  5:36  Stalker x2  
  43  6:04  Stalker x2  
  41  6:05  Probe x2 (Chrono Boost)  
  45  6:15  Probe x2 (Chrono Boost)  
  45  6:16  Twilight Council  
  47  6:20  Probe x2 (Chrono Boost)  
  47  6:23  Shield Battery  
  49  6:31  Probe (Chrono Boost)  
  49  6:32  Probe (Chrono Boost)  
  51  6:35  Stalker  
  51  6:38  Probe x2 (Chrono Boost)  
  55  6:46  Probe x2  
  56  6:50  Blink (Chrono Boost)  
  57  6:55  Dark Shrine  
  57  6:58  Probe x2  
  59  7:07  Assimilator  
  59  7:09  Assimilator  
  59  7:18  Nexus  
  59  7:28  Robotics Bay  
  59  7:33  Stargate  
  59  7:37  Probe x2  
  60  8:01  Pylon  
  60  8:02  Observer (Chrono Boost)  
  60  8:04  Pylon  
  61  8:11  Pylon  
  61  8:13  Pylon  
  61  8:18  Observer  
  61  8:19  Void Ray (Chrono Boost)  
  66  8:20  Gravitic Boosters  
  66  8:27  Probe x2  
  66  8:31  Shield Battery, Dark Templar  
  66  8:32  Shield Battery  
  66  8:33  Dark Templar  
  72  8:39  Probe  
  73  8:49  Void Ray (Chrono Boost)  
  77  9:04  Probe x3  
  77  9:07  Dark Templar  
  77  9:08  Dark Templar  
  84  9:11  Archon x2, Assimilator x2  
  84  9:16  Probe x2 (Chrono Boost)  
  87  9:21  Probe (Chrono Boost)  
  87  9:26  Probe (Chrono Boost)  
  87  9:27  Probe (Chrono Boost)  
  87  9:28  Fleet Beacon  
  87  9:30  Probe (Chrono Boost)  
  90  9:31  Pylon  
  90  9:32  Probe x2 (Chrono Boost)  
  90  9:35  Forge  
  92  9:40  Probe  
  92  9:43  Dark Templar x2  
  97  9:47  Probe  
  97  9:49  Archon  
  98  9:57  Stargate  
  98  10:08  Immortal (Chrono Boost)  
  98  10:12  Void Ray (Chrono Boost)  
  102  10:20  Photon Cannon  
  106  10:21  Probe x3  
  106  10:23  Photon Cannon  
  106  10:26  Stalker  
  106  10:27  Photon Cannon  
  109  10:28  Shield Battery  
  109  10:30  Dark Templar  
  79  10:52  Dark Templar, Immortal (Chrono Boost)  
  81  11:12  Dark Templar  
  69  11:24  Pylon  
  69  11:25  Pylon  
  69  11:26  Immortal, Pylon  
  69  11:28  Pylon  
  69  11:29  Dark Templar  
Show
View Real Time Build Order
Export as new Build Order

Pumba Protoss - Winner!

Build Orders: Oracle Opening 

Get SALT Encoding   

  12  0:06  Probe  
  13  0:14  Pylon  
  13  0:18  Probe  
  14  0:31  Probe (Chrono Boost)  
  14  0:35  Gateway  
  15  0:40  Probe (Chrono Boost)  
  16  0:45  Probe (Chrono Boost)  
  16  0:48  Assimilator  
  17  0:57  Probe (Chrono Boost)  
  18  1:09  Probe (Chrono Boost), Assimilator  
  19  1:14  Gateway  
  19  1:16  Probe (Chrono Boost)  
  20  1:26  Probe  
  20  1:29  Cybernetics Core  
  21  1:38  Probe  
  22  1:44  Pylon  
  22  1:53  Probe  
  23  2:06  Stalker x2  
  27  2:08  Probe  
  27  2:14  Pylon  
  27  2:15  Warp Gate  
  28  2:41  Probe  
  29  2:46  Stargate  
  29  2:51  Nexus  
  29  3:00  Adept x2  
  33  3:06  Probe  
  33  3:11  Pylon  
  34  3:21  Shield Battery  
  34  3:23  Probe  
  35  3:29  Oracle (Chrono Boost)  
  37  3:45  Stalker x2  
  37  3:46  Probe  
  42  3:58  Probe  
  43  4:03  Shield Battery, Pylon  
  43  4:13  Probe x2 (Chrono Boost)  
  45  4:22  Probe x2 (Chrono Boost)  
  47  4:27  Probe x2 (Chrono Boost)  
  47  4:45  Probe  
  46  4:52  Stalker x2  
  48  4:58  Shield Battery  
  50  5:01  Robotics Facility  
  50  5:03  Forge  
  50  5:05  Twilight Council  
  50  5:06  Pylon  
  50  5:15  Stalker  
  50  5:16  Stalker  
  49  5:29  Void Ray  
  49  5:33  Stalker  
  49  5:34  Zealot  
  53  5:49  Probe x2  
  51  6:01  Probe x2  
  51  6:04  Observer  
  54  6:13  Probe (Chrono Boost)  
  54  6:15  Probe (Chrono Boost)  
  56  6:19  Blink  
  56  6:22  Assimilator  
  57  6:25  Probe (Chrono Boost)  
  57  6:31  Probe (Chrono Boost)  
  58  6:32  Probe (Chrono Boost)  
  58  6:36  Nexus  
  59  6:40  Probe (Chrono Boost)  
  59  6:41  Sentry  
  59  6:42  Probe (Chrono Boost)  
  59  6:45  Assimilator  
  63  6:48  Protoss Ground Weapons Level 1  
  63  6:52  Probe (Chrono Boost)  
  65  6:57  Probe (Chrono Boost)  
  65  6:58  Probe (Chrono Boost)  
  66  7:04  Probe (Chrono Boost)  
  67  7:11  Probe (Chrono Boost)  
  68  7:16  Pylon  
  68  7:18  Pylon  
  68  7:22  Probe (Chrono Boost)  
  70  7:23  Probe (Chrono Boost)  
  70  7:28  Probe (Chrono Boost)  
  70  7:29  Probe (Chrono Boost)  
  72  7:33  Gateway x2  
  72  7:38  Gateway x2  
  72  7:40  Gateway  
  72  7:46  Pylon  
  72  7:59  Gateway  
  72  8:00  Probe x2  
  72  8:01  Probe  
  72  8:02  Pylon  
  72  8:03  Shield Battery  
  75  8:05  Pylon  
  75  8:09  Pylon  
  75  8:12  Probe  
  76  8:14  Stalker x2  
  76  8:15  Probe x2  
  82  8:24  Probe  
  83  8:30  Warp Prism (Chrono Boost), Stalker x2  
  89  8:41  Stalker  
  91  8:51  Stalker x3  
  97  9:00  Observer  
  94  9:04  Stalker x4  
  94  9:05  Stalker  
  104  9:12  Pylon  
  104  9:14  Pylon  
  104  9:17  Pylon  
  104  9:23  Stalker x3  
  110  9:30  Stalker x2  
  114  9:35  Stalker  
  116  9:43  Stalker x2  
  118  10:11  Protoss Ground Weapons Level 2 (Chrono Boost), Stalker x6  
  118  10:12  Stalker x2  
  134  10:28  Pylon  
  130  10:56  Stalker x6  
  130  10:57  Stalker x2  
  146  10:58  Observer  
  136  11:25  Photon Cannon x2  
  136  11:27  Photon Cannon  
  136  11:29  Photon Cannon  
  136  11:30  Photon Cannon  
  136  11:31  Shield Battery  
  136  11:32  Nexus, Photon Cannon  
  136  14:00  Stalker x4  
  136  14:01  Stalker x4  
Tags
 
Add a new tag
Caveats
  • Supply blocks, unpowered buildings, or Contaminate may cause inaccurate times.
  • Supply counts are checked every 10 seconds.